 Dungeon Crawl Stone Soup version 0.28.0 (webtiles) character file.

Game seed: 13532652411374673812

3277 chmiii the Skirmisher (level 9, 0/75 (96) HPs)
             Began as a Troll Hunter on Feb 8, 2022.
             Was an Initiate of Dithmenos.
             Slain by a wight (9 damage)
             ... on level 8 of the Dungeon on Feb 9, 2022.
             The game lasted 00:37:22 (6678 turns).

chmiii the Skirmisher (Troll Hunter)                Turns: 6678, Time: 00:37:22

HP:   0/75 (96)     AC: 12    Str: 22    XL:     9   Next: 69%
MP:   8/8           EV:  9    Int:  7    God:    Dithmenos [......]
Gold: 447           SH:  0    Dex: 14    Spells: 8/8 levels left

rFire   . . .      SeeInvis .   w - +0 flail
rCold   . . .      Faith    .   (no shield)
rNeg    . . .      Spirit   .   c - +0 swamp dragon scales
rPois   +          Reflect  .   (helmet restricted)
rElec   .          Harm     .   f - +1 cloak
rCorr   .          Rampage  .   (gloves unavailable)
Will    .....                   (boots unavailable)
Stlth   +.........              (no amulet)
HPRegen 1.02/turn               (no ring)
MPRegen 0.11/turn               (no ring)

@: heavily drained
A: large, unfitting armour, claws 3, regeneration 1, shaggy fur 1, tough skin 1
a: Renounce Religion


You were on level 8 of the Dungeon.
You worshipped Dithmenos.
Dithmenos was noncommittal.
You visited 2 branches of the dungeon, and saw 9 of its levels.
You also visited: Ossuary.

You collected 447 gold pieces.

Inventory:

Hand Weapons
 a - a +0 hunting sling
 b - a +2 whip of freezing
 w - a +0 flail (weapon)
 F - a +0 flail
Missiles
 d - 4 large rocks (quivered)
 q - 15 poisoned darts
 z - 65 sling bullets
 A - 2 boomerangs
 C - 3 javelins
 D - a throwing net
Armour
 c - +0 swamp dragon scales (worn)
 f - a +1 cloak (worn)
 s - a +0 robe
Jewellery
 p - a ring of ice
Scrolls
 e - 2 scrolls of summoning {unknown}
 h - 4 scrolls of enchant armour
 i - 2 scrolls of enchant weapon {unknown}
 k - 5 scrolls of teleportation
 o - a scroll of fog {unknown}
 r - 2 scrolls of magic mapping
 x - a scroll of vulnerability {unknown}
 y - a scroll of identify
 B - a scroll of fear {unknown}
 E - a scroll of immolation {unknown}
 G - a scroll of silence {unknown}
Potions
 g - 3 potions of heal wounds
 j - 2 potions of curing {unknown}
 l - a potion of flight {unknown}
 m - 2 potions of cancellation {unknown}
 n - 4 potions of might {unknown}
 t - 2 potions of attraction {unknown}
 u - a potion of magic {unknown}
 v - a potion of haste


   Skills:
 * Level 7.9 Fighting
 + Level 5.3 Maces & Flails
 - Level 6.0 Throwing
 + Level 5.2 Armour
 - Level 1.5 Dodging
 - Level 0.3 Stealth


You had 8 spell levels left.
You didn't know any spells.
Your spell library contained the following spells:

 Spells                   Type           Power      Damage    Failure   Level
 Apportation              Tloc           0%         N/A       58%         1
 Conjure Flame            Conj/Fire      0%         6-21      91%         3
 Ignite Poison            Fire/Tmut/Pois 0%         N/A       91%         3
 Inner Flame              Hex/Fire       0%         N/A       91%         3
 Cause Fear               Hex            0%         N/A       100%        4
 Sticky Flame             Conj/Fire      0%         2d3       100%        4
 Alistair's Intoxication  Tmut/Pois      0%         N/A       100%        5
 Discord                  Hex            0%         N/A       100%        8


Dungeon Overview and Level Annotations

Branches:
Dungeon (8/15)             Temple (1/1) D:6         Ossuary (visited)
   Lair: D:8-11

Altars:
Cheibriados
Dithmenos
Elyvilon
Fedhas
Gozag
Hepliaklqana
Kikubaaqudgha
Makhleb
Nemelex Xobeh
Okawaru
Qazlal
Ru
Sif Muna
Trog
Vehumet
Wu Jian
Yredelemnul
Zin
The Shining One

Shops:
D:2 [


Innate Abilities, Weirdness & Mutations

You are too large for most types of armour.
You have claws for hands.
Your natural rate of healing is unusually fast.
You are covered in fur. (AC +1)
You have tough skin. (AC +1)


Message History

The wight hits you from afar with a +2 halberd!
You feel drained.
You hit the wight.
The wight is almost destroyed.
The wight hits you with a +3 mace of freezing.
The wight freezes you. The wight closely misses you.
The wight hits you from afar with a +2 halberd!
You thump the wight!
You destroy the wight!
Dithmenos accepts your kill. The wight barely misses you.
The wight closely misses you.
You hit the wight.
The wight is moderately damaged.
The wight barely misses you.
The wight hits you with a +3 morningstar.
You hit the wight but do no damage.
The wight is moderately damaged.
The wight hits you with a +3 morningstar.
You feel drained.
You hit the wight but do no damage.
The wight is heavily damaged.
The wight hits you with a +2 halberd!
You feel drained.
The wight hits you with a +3 morningstar.
You feel drained.
You closely miss the wight.
The wight is heavily damaged.
The wight closely misses you.
The wight hits you with a +3 morningstar!
You hit the wight.
The wight is severely damaged.
The wight hits you with a +2 halberd!
* * * LOW HITPOINT WARNING * * *
You feel drained.
* * * LOW HITPOINT WARNING * * *
The wight hits you with a +3 morningstar!
* * * LOW HITPOINT WARNING * * *
You feel drained.
* * * LOW HITPOINT WARNING * * *
The wight hits you with a +2 halberd!
You die...

#...#.....##......PP.
####..#....##.......P♣♣
##..........###......♣♣♣
#.....##.....#..#......♣
#....#.#..............♣.
#....#.....###.......P.♣
#....)#.#####.......♣
###.z#z...# #..z...P♣
#..@...###...z...PP
#....P...###.........
#....P.....#.#.......
#..#......##.####....
##...........# ....
#.....#..... ...
.....##.#... #..#.. #..


You could see 2 wights.

Vanquished Creatures
  Pikel (D:6)
  Maggie (D:7)
  A steam dragon (D:6)
  Menkaure (D:6)
  A black bear (D:5)
  3 ice beasts
  2 ogres
  2 orc warriors (D:7)
  A hornet zombie (D:6)
  3 necrophages
  A centaur (D:5)
  A phantom (D:5)
  2 bullfrogs (D:4)
  An elf zombie (Ossuary)
  2 scorpions
  A wyvern skeleton (D:7)
  2 wights (D:8)
  A howler monkey (D:6)
  A centaur zombie (Ossuary)
  A centaur skeleton (D:7)
  2 jellies
  A hound (D:4)
  An orc priest (D:8)
  4 iguanas
  2 orc wizards
  A hound skeleton (D:4)
  2 mummies (Ossuary)
  2 howler monkey skeletons
  3 gnolls (D:4)
  6 adders
  A shadow imp (D:7)
  A white imp (D:4)
  An ufetubus (D:5)
  An adder skeleton (D:4)
  An adder zombie (Ossuary)
  3 worms
  2 dart slugs
  14 orcs
  9 ball pythons
  5 bats
  7 endoplasms
  4 giant cockroaches
  7 goblins
  11 hobgoblins
  5 quokkas
  2 frilled lizards
  5 goblin zombies (Ossuary)
  12 hobgoblin zombies (Ossuary)
  A jackal zombie (Ossuary)
  5 kobolds
  4 kobold zombies (Ossuary)
  10 orc zombies (Ossuary)
  3 rats
  A rat zombie (Ossuary)
168 creatures vanquished.

Notes
Turn   | Place    | Note
-------+----------+-------------------------------------------
     0 | D:1      | chmiii the Troll Hunter began the quest for the Orb.
     0 | D:1      | Reached XP level 1. HP: 19/19 MP: 0/0
   158 | D:1      | Reached skill level 2 in Fighting
   158 | D:1      | Reached XP level 2. HP: 28/28 MP: 1/1
   437 | D:1      | Found a faded altar of an unknown god.
   821 | D:2      | Found Rebrudgh's Antique Armour Boutique.
   884 | D:2      | Reached XP level 3. HP: 36/36 MP: 2/2
   916 | D:2      | Reached skill level 1 in Armour
  1367 | D:3      | Found a sparkling altar of Nemelex Xobeh.
  1403 | D:3      | Reached XP level 4. HP: 39/44 MP: 3/3
  1631 | D:3      | Reached skill level 3 in Fighting
  1646 | D:3      | Found a radiant altar of Vehumet.
  1961 | D:4      | Noticed a bullfrog
  1984 | D:4      | Reached XP level 5. HP: 42/53 MP: 4/4
  2125 | D:4      | Found a sand-covered staircase.
  2130 | Ossuary  | Entered an ossuary
  2438 | Ossuary  | Reached skill level 1 in Maces & Flails
  2569 | Ossuary  | Reached XP level 6. HP: 59/62 MP: 5/5
  2751 | D:4      | Reached skill level 4 in Fighting
  3154 | D:4      | Found a stormy altar of Qazlal.
  3154 | D:4      | Found a sacrificial altar of Ru.
  3217 | D:4      | Reached XP level 7. HP: 43/71 MP: 6/6
  3401 | D:5      | Entered Level 5 of the Dungeon
  3593 | D:5      | HP: 3/71 [centaur/arrow (8)]
  3664 | D:5      | Reached skill level 5 in Throwing
  3690 | D:5      | Reached skill level 5 in Fighting
  3949 | D:5      | Reached XP level 8. HP: 49/80 MP: 7/7
  4017 | D:5      | Identified the +1 trident of the Lesser Evil {vorpal, rN+
                  | Str+4 Int-2}
  4216 | D:5      | Found a burning altar of Makhleb.
  4550 | D:6      | Reached skill level 6 in Fighting
  4569 | D:6      | Noticed Menkaure
  4571 | D:6      | Killed Menkaure
  4572 | D:6      | Noticed Pikel
  4698 | D:6      | Killed Pikel
  4699 | D:6      | Reached XP level 9. HP: 48/92 MP: 8/8
  4968 | D:6      | Found a hazy altar of Hepliaklqana.
  5177 | D:6      | Found a staircase to the Ecumenical Temple.
  5184 | Temple   | Entered the Ecumenical Temple
  5213 | Temple   | Became a worshipper of Dithmenos the Shadowed
  5411 | D:6      | Reached skill level 7 in Fighting
  6034 | D:7      | Found a glowing silver altar of Zin.
  6170 | D:7      | Noticed Maggie
  6182 | D:7      | Killed Maggie
  6183 | D:7      | Reached skill level 5 in Maces & Flails
  6183 | D:7      | Reached skill level 5 in Armour
  6678 | D:8      | Slain by a wight

Illustrated notes

Levels and vault maps discovered:
D:1:      onia_arrival_mini_spirals, layout_loops_cross, serial_forest,
          infiniplex_forest_lined_ring, infiniplex_forest_lined_2,
          infiniplex_forest_lined_4_way, infiniplex_forest_clump_C,
          infiniplex_forest_corner_2, infiniplex_forest_lined_room_2,
          infiniplex_forest_zigzag_2, chequers_ecumenical_altar_simple,
          grunt_decor_cap, grunt_decor_mini_mirrors, minmay_pentomino_s4
D:2:      layout_rooms, serial_shops, shop
D:3:      layout_rooms, nicolae_overflow_crystal_walls,
          mainiacjoe_overflow_paths, bh_walls_and_bars
D:4:      layout_loops_ring, gammafunk_temple_overflow_statue,
          lightli_ossuary_entry_decrepit_ruins, kennysheep_generic_room_9
D:5:      layout_rooms, lightli_temple_of_fire
D:6:      layout_cave_pods, mainiacjoe_overflow_tiny_flanked,
          minmay_temple_entry_butterflies, minmay_holes,
          corexii_leaking_fountain, minivault_19, uniq_pikel, uniq_menkaure
D:7:      layout_gridville, zin_treasury, uniq_maggie
D:8:      layout_cave_pools, serial_park, serial_park_square1
          [serial_park_minivault_5x5_8], serial_park_tiny_1, serial_park_gazebo
          [serial_park_minivault_5x5_1], serial_park_square3
          [serial_park_minivault_5x5_8]
Temple:   minmay_temple_bridge_abc

Skill      XL: |  1  2  3  4  5  6  7  8  9 |
---------------+----------------------------+-----
Fighting       | 2 3 4 5 6 7 |  7.9
Armour         | 1 2 3 4 5 |  5.2
Throwing       | 4 5 6 |  6.0
Maces & Flails | 1 2 3 4 5 |  5.3
Dodging        | |  1.5
Stealth        | |  0.3

Action                   |  1- 3 |  4- 6 |  7- 9 || total
-------------------------+-------+-------+-------++-------
Melee: Unarmed           |   152 |   278 |   202 ||   632
       Short sword       |     2 |       |       ||     2
       Punch             |     3 |     2 |     7 ||    12
       Flail             |       |       |    96 ||    96
       Whip              |       |       |    47 ||    47
 Fire: Hunting sling     |       |       |     5 ||     5
Throw: Large rock        |       |       |    12 ||    12
       Throwing net      |       |       |     2 ||     2
  Use: Scroll            |       |       |     7 ||     7
       Potion            |       |       |     3 ||     3
 Stab: Sleeping          |     1 |     2 |     1 ||     4
Armor: Robe              |    39 |   109 |   138 ||   286
       Swamp dragon scal |       |       |    18 ||    18
Dodge: Dodged            |    52 |   156 |   195 ||   403
